Map: Terraform LE (Void)

Players

Bubba

  • Race: Terran Terran
  • League: Grandmaster

Javert - Winner!

  • Race: Zerg Zerg
  • League: Grandmaster

VOD

Have the link to the VOD?

Description

Time

  • Played on: July 14, 2015, 5:32 p.m.
  • Length: 7:39
Show
View Real Time Build Order
Export as new Build Order

Bubba Terran 

Build Orders:  

Get SALT Encoding   

  12  0:01  SCV  
  13  0:13  SCV  
  14  0:18  Supply Depot  
  14  0:25  SCV  
  15  0:39  SCV  
  15  0:41  Barracks  
  16  0:51  SCV  
  17  1:03  SCV  
  18  1:15  SCV  
  19  1:19  Command Center  
  19  1:30  Orbital Command  
  19  1:38  Marine  
  20  1:43  Bunker  
  20  1:51  Refinery  
  20  1:54  Refinery  
  20  2:00  SCV  
  21  2:13  SCV  
  21  2:15  Bunker  
  22  2:25  SCV  
  23  2:30  Marine  
  23  2:31  Orbital Command  
  24  2:39  SCV  
  24  2:44  Factory  
  25  2:48  Marine  
  25  2:51  SCV  
  27  2:57  Factory  
  27  3:01  SCV  
  27  3:03  SCV  
  29  3:06  Marine  
  29  3:23  SCV x2  
  31  3:36  SCV  
  31  3:37  SCV  
  31  3:39  Factory Tech Lab  
  33  3:43  Marine  
  33  3:44  Factory Reactor  
  33  3:45  Supply Depot  
  34  3:48  Refinery  
  34  3:49  SCV x2  
  34  3:50  Refinery  
  36  4:00  Marine  
  36  4:01  SCV, Infernal Pre-Igniter  
  38  4:03  Supply Depot  
  38  4:07  SCV, Siege Tank  
  42  4:13  SCV  
  43  4:19  SCV  
  43  4:22  Hellion, Engineering Bay  
  46  4:25  SCV  
  46  4:26  Supply Depot, Hellion  
  46  4:31  SCV  
  50  4:35  Armory  
  50  4:37  SCV  
  51  4:39  Armory  
  51  4:42  Siege Tank  
  54  4:48  SCV  
  54  4:49  SCV, Supply Depot  
  60  5:00  SCV, Hellion x2  
  60  5:02  Command Center  
  60  5:04  SCV  
  62  5:12  SCV  
  62  5:13  Supply Depot  
  63  5:21  SCV  
  64  5:22  Missile Turret  
  64  5:26  Missile Turret  
  64  5:28  Hi-Sec Auto Tracking  
  64  5:31  Terran Vehicle Weapons Level 1  
  64  5:33  Terran Vehicle Armor Level 1  
  64  5:36  Missile Turret  
  64  5:38  Missile Turret  
  64  5:43  Missile Turret  
  64  5:45  Supply Depot  
  64  5:50  SCV x2  
  66  6:09  Hellion  
  66  6:10  Hellion  
  73  6:23  Missile Turret  
  47  6:49  Widow Mine  
  37  7:04  SCV x2  
Show
View Real Time Build Order
Export as new Build Order

Javert Zerg - Winner!

Build Orders: Hatch First 

Get SALT Encoding   

  12  0:02  Drone  
  13  0:13  Overlord  
  13  0:18  Drone  
  14  0:31  Drone x2  
  14  0:35  Drone  
  17  0:54  Hatchery  
  16  0:57  Drone  
  16  1:00  Drone, Extractor  
  17  1:09  Drone  
  18  1:20  Spawning Pool  
  18  1:22  Drone  
  18  1:29  Drone  
  19  1:39  Drone  
  20  1:50  Drone  
  21  2:01  Overlord  
  21  2:08  Metabolic Boost  
  21  2:09  Queen x2  
  21  2:12  Zergling x4  
  27  2:20  Drone  
  28  2:27  Drone x2  
  30  2:34  Drone  
  31  2:49  Drone x2  
  31  2:50  Hatchery  
  32  2:53  Drone  
  32  2:58  Queen  
  34  3:15  Drone x2  
  35  3:27  Overlord x2  
  35  3:29  Lair  
  35  3:32  Extractor  
  35  3:33  Drone x2  
  36  3:44  Overlord  
  36  3:53  Extractor  
  35  3:56  Roach Warren  
  35  3:58  Drone  
  35  3:59  Evolution Chamber, Drone x5  
  39  4:13  Drone  
  39  4:14  Drone x4  
  44  4:20  Extractor  
  43  4:26  Zerg Missile Weapons Level 1  
  43  4:33  Hydralisk Den  
  43  4:34  Drone x5  
  43  4:35  Drone x3  
  50  4:38  Glial Reconstitution  
  50  4:41  Overseer  
  50  4:49  Roach x2  
  50  4:51  Roach  
  56  5:09  Roach  
  56  5:10  Roach x4  
  56  5:11  Nydus Network  
  65  5:18  Extractor  
  65  5:19  Extractor  
  65  5:21  Roach  
  65  5:23  Overlord  
  65  5:24  Overlord x2  
  65  5:30  Burrow  
  65  5:31  Drone  
  66  5:48  Roach x6  
  78  5:59  Nydus Canal  
  78  6:00  Overlord  
  76  6:06  Spine Crawler  
  76  6:07  Spine Crawler  
  76  6:11  Overlord x2  
  74  6:15  Spine Crawler  
  71  6:41  Roach  
  71  6:42  Roach x8  
  85  6:54  Spore Crawler, Spine Crawler  
  84  6:55  Spore Crawler  
  84  6:57  Drone x2  
  82  7:03  Evolution Chamber  
Tags
 
Add a new tag
Caveats
  • Supply blocks, unpowered buildings, or Contaminate may cause inaccurate times.
  • Supply counts are checked every 10 seconds.